 Dungeon Crawl Stone Soup version 0.30-a0-219-gf2db51d15e (webtiles) character file.

Game seed: 14238429489852779501

56 KennySheep the Ruffian (level 3, 0/29 HPs)
             Began as a Barachi Transmuter on Oct 7, 2022.
             Slain by Sigmund
             ... wielding a +0 scythe
              (5 damage)
             ... on level 2 of the Dungeon.
             The game lasted 00:04:45 (1946 turns).

KennySheep the Ruffian (Barachi Transmuter)         Turns: 1946, Time: 00:04:46

Health: 0/29       AC:  2    Str: 13    XL:     3   Next: 95%
Magic:  6/6        EV: 12    Int: 13    God:
Gold:   114        SH:  0    Dex: 12    Spells: 4/7 levels left

rFire   . . .      SeeInvis .      - Unarmed
rCold   . . .      Faith    .    (no shield)
rNeg    . . .      Spirit   .    a - +0 robe
rPois   .          Reflect  .    (helmet currently unavailable)
rElec   .          Harm     .    (no cloak)
rCorr   .          Rampage  .    (no gloves)
Will    .....                    (boots currently unavailable)
Stlth   +.........               (no amulet)
HPRegen 0.24/turn                (no ring)
MPRegen 0.10/turn                (no ring)

@: appendages (expiring), flying, slow
A: horns 2, talons 2, amphibious, slowness 1, strong legs 1, +LOS, deterioration
1, robust 1
a: Hop, End Transformation


You were on level 2 of the Dungeon.
You had temporarily grown beastly horns and talons.
You visited 1 branch of the dungeon, and saw 2 of its levels.

You collected 114 gold pieces.

Inventory:

Armour
 a - a +0 robe (worn)
Jewellery
 i - an amulet of regeneration
 k - a ring of positive energy
Scrolls
 b - a scroll of vulnerability {unknown}
 e - a scroll of identify {unknown}
 f - a scroll of noise {unknown}
 g - a scroll of immolation {unknown}
Potions
 c - a potion of mutation
 d - 2 potions of flight
 h - a potion of heal wounds {unknown}
 j - a potion of curing {unknown}
 l - a potion of magic {unknown}


   Skills:
 + Level 1.8 Fighting
 + Level 2.6 Dodging
 * Level 4.0 Unarmed Combat
 + Level 2.5 Spellcasting
 + Level 2.5 Transmutations
 + Level 1.3 Ice Magic


You had 4 spell levels left.
You knew the following spells:

 Your Spells              Type           Power      Damage    Failure   Level
a - Beastly Appendage     Tmut           16%        N/A       9%          1
b - Wereblood             Tmut           8%         N/A       13%         2

Your spell library contained the following spells:

 Spells                   Type           Power      Damage    Failure   Level
 Freeze                   Ice            20%        1d4       14%         1
 Ensorcelled Hibernation  Hex/Ice        6%         N/A       28%         2
 Sublimation of Blood     Necr           1%         N/A       36%         2
 Spider Form              Tmut/Pois      4%         N/A       41%         3
 Vhi's Electric Charge    Tloc/Air       2%         N/A       58%         3
 Ice Form                 Ice/Tmut       6%         N/A       73%         4
 Summon Ice Beast         Ice/Summ       3%         N/A       88%         4
 Arcjolt                  Conj/Air       0%         1d10      100%        5
 Summon Hydra             Summ           0%         N/A       100%        7
 Maxwell's Capacitive Co  Air            0%         ∞         100%        8


Dungeon Overview and Level Annotations

Branches:
Dungeon (2/15)

Altars:

Shops:
D:1 =

Annotations:
D:2 Sigmund


Innate Abilities, Weirdness & Mutations

You have temporarily grown beastly horns and talons.
You are amphibious.
You cover ground slowly.
You can hop short distances.
You have an extended range of vision and can be seen from far away.
Your body sometimes deteriorates upon taking damage.
You are robust. (+10% HP)


Message History

Sigmund the Dreaded comes into view.
He is wielding a +0 scythe.
Sigmund shouts!
Sigmund casts a spell at you. You resist with significant effort.
Sigmund is nearby!
Casting: Wereblood (safe; 13% risk of failure)
Confirm with . or Enter, or press ? or * to list all spells.
You grow a pair of large bovine horns.
Your feet morph into talons.
Casting: Beastly Appendage (safe; 9% risk of failure)
Confirm with . or Enter, or press ? or * to list all spells.
Okay, then.
Sigmund gestures at you while chanting. The magic dart hits you!
You closely miss Sigmund. Your kick misses Sigmund. You headbutt Sigmund.
Sigmund is lightly wounded.
Sigmund closely misses you.
You hit Sigmund. You headbutt Sigmund.
Sigmund is heavily wounded.
Your transformation is almost over.
Sigmund hits you with a +0 scythe.
You barely miss Sigmund.
Sigmund is heavily wounded.
You hit Sigmund but do no damage.
Sigmund is heavily wounded.
Sigmund closely misses you.
You closely miss Sigmund. You headbutt Sigmund.
Sigmund is heavily wounded.
You hit Sigmund but do no damage. You headbutt Sigmund, but do no damage.
Sigmund is heavily wounded.
Sigmund hits you with a +0 scythe!
* * * LOW HITPOINT WARNING * * *
It was a potion of flight.
You feel very buoyant.
You fly up into the air.
Sigmund barely misses you.
It was a potion of mutation.
You feel extremely strange.
You feel robust.
You feel yourself wasting away.
You hit Sigmund.
Sigmund is heavily wounded.
Sigmund hits you with a +0 scythe.
You die...

...............#.#
......#####....#.#
....### #......##
##..# ###.##....#
###.# #...##.#..##
....# #.####.#....
..#######.#
#.#..#. ..#
#.....# ##.#.$#
..###.#####
#..@@.#####.##
.###..#
#...#........#
.....##
#...#.#####..#
..#########
#...#.# ..# #...#
#####.#
..#####...# #.#
........### #.#
.........# #.#
#.###.##.##### #.#


You could see Sigmund.

Vanquished Creatures
  A worm (D:2)
  4 dart slugs
  5 endoplasms
  A giant cockroach (D:1)
  3 goblins
  3 hobgoblins (D:1)
  3 jackals (D:1)
  2 quokkas (D:1)
  7 ball pythons
  4 bats
  6 frilled lizards
  A kobold (D:1)
  3 rats
43 creatures vanquished.

Notes
Turn   | Place    | Note
-------+----------+-------------------------------------------
     0 | D:1      | KennySheep the Barachi Transmuter began the quest for the
                  | Orb.
     0 | D:1      | Reached XP level 1. HP: 15/15 MP: 3/3
   214 | D:1      | Found a faded altar of an unknown god.
   226 | D:1      | Reached XP level 2. HP: 15/21 MP: 5/5
   604 | D:1      | Reached skill level 1 in Ice Magic
   683 | D:1      | HP: 1/21 [quokka (2)]
   918 | D:1      | Reached XP level 3. HP: 24/26 MP: 6/6
   976 | D:1      | Found Reimn's Jewellery Shoppe.
  1000 | D:1      | Learned a level 2 spell: Wereblood
  1510 | D:2      | Got the Guidebook on Congelation
  1721 | D:2      | Reached skill level 4 in Unarmed Combat
  1935 | D:2      | Noticed Sigmund
  1945 | D:2      | Gained mutation: You are robust. (+10% HP) [potion of
                  | mutation]
  1945 | D:2      | Gained mutation: Your body sometimes deteriorates upon
                  | taking damage. [potion of mutation]
  1946 | D:2      | Slain by Sigmund

Illustrated notes

Levels and vault maps discovered:
D:1:      pf_arrival_petrified_forest, layout_basic,
          nicolae_ecumenical_snake_handling, serial_shops,
          nicolae_lakefront_shop, minmay_quantized
D:2:      layout_rooms, corexii_hall_statues_t, uniq_sigmund

Skill      XL: |  1  2  3 |
---------------+----------+-----
Ice Magic      | 1 |  1.3
Unarmed Combat | 4 |  4.0
Fighting       | |  1.8
Dodging        | |  2.6
Spellcasting   | |  2.5
Transmutations | |  2.5

Action                   || total
-------------------------++-------
Melee: Unarmed           ||   172
       Punch             ||     2
       Kick              ||     7
       Headbutt          ||     5
 Cast: Beastly Appendage ||     5
       Wereblood         ||     2
  Use: Potion            ||     3
 Stab: Sleeping          ||     2
Armor: Robe              ||    27
       Skin              ||     1
Dodge: Dodged            ||   112

Table legend: (Time is in decaauts)
 A = Elapsed time spent in this place.
 B = Non-inter-level travel time spent in this place.
 C = Inter-level travel time spent in this place.
 D = Time resting spent in this place.
 E = Time spent auto-exploring this place.
 F = Levels seen in this place.
 G = Mean time per level.
                   A        B        C        D        E       F      G
               +--------+--------+--------+--------+--------+-----+--------+
         Total |   2188 |   2167 |     21 |    303 |   1491 |   2 | 1094.0 |
       Dungeon |   2188 |   2167 |     21 |    303 |   1491 |   2 | 1094.0 |
               +--------+--------+--------+--------+--------+-----+--------+

Top non-repeatable levels by time:
     D:1: 1627 daAuts
     D:2: 561 daAuts
